 Dungeon Crawl Stone Soup version 0.17-a0-1636-g3119f2b (webtiles) character file.

150 matakusis the Skirmisher (level 5, -1/42 HPs)
             Began as a Demonspawn Abyssal Knight on Aug 5, 2015.
             Was a Priest of Lugonu.
             Slain by Zebulonius's ghost (7 damage)
             ... on level 3 of the Dungeon.
             The game lasted 00:16:52 (2622 turns).

matakusis the Skirmisher (DsAK)                     Turns: 2622, Time: 00:16:52

Health: -1/42      AC:  9    Str: 13    XL:     5   Next: 10%
Magic:  6/6        EV: 11    Int: 13    God:    Lugonu [***...]
Gold:   205        SH:  0    Dex: 13    Spells: 0 memorised, 4 levels left

rFire  . . .     SeeInvis .     a - +1 hand axe
rCold  . . .     Clarity  .     n - +3 leather armour
rNeg   . . .     SustAt   +     (no shield)
rPois  .         Gourm    .     (no helmet)
rElec  .         Spirit   .     (no cloak)
rCorr  .         Warding  .     (no gloves)
rMut   .         Stasis   +     (no boots)
MR     +....                    d - amulet of stasis
Stlth  +.........               i - ring of protection from magic
                                f - ring of sustain attributes

@: somewhat resistant to hostile enchantments, very unstealthy
A: icy blue scales 2
a: Depart the Abyss, Bend Space, Banish, Renounce Religion


You were on level 3 of the Dungeon.
You worshipped Lugonu.
Lugonu was most pleased with you.
You were hungry.

You visited 1 branch of the dungeon, and saw 3 of its levels.
You visited the Abyss 1 time.

You collected 205 gold pieces.

Inventory:

Hand weapons
 a - a +1 hand axe (weapon)
Armour
 n - a +3 leather armour (worn)
Jewellery
 d - an amulet of stasis (around neck)
 f - a ring of sustain attributes (left hand)
 i - a ring of protection from magic (right hand)
 k - a +4 ring of intelligence
Scrolls
 g - 2 scrolls of amnesia
 l - 2 scrolls of noise
 p - a scroll of remove curse
Potions
 j - a potion of cancellation
 m - a potion of resistance
Comestibles
 c - 3 bread rations
 h - 3 chunks of flesh
 r - a beef jerky
 s - a meat ration


   Skills:
 + Level 4.2 Fighting
 + Level 2.5 Axes
 + Level 2.4 Armour
 + Level 2.5 Dodging
 + Level 2.5 Invocations


You had 4 spell levels left.
You didn't know any spells.

Dungeon Overview and Level Annotations

Branches:
Dungeon (3/15)

Altars:
Ashenzari

Annotations:
D:3 Zebulonius's ghost, average MiBe


Innate Abilities, Weirdness & Mutations

You are mostly covered in icy blue scales (AC +3, EV -1).


Message History

Zebulonius's ghost is moderately damaged.
Zebulonius's ghost barely misses you.
You closely miss Zebulonius's ghost.
Zebulonius's ghost is moderately damaged.
Zebulonius's ghost hits you but does no damage.
You hit Zebulonius's ghost.
Zebulonius's ghost is moderately damaged.
Zebulonius's ghost barely misses you.
You hit Zebulonius's ghost.
Zebulonius's ghost is heavily damaged.
Zebulonius's ghost screams, "Very impressive.
But it won't help.
Nothing will."
Zebulonius's ghost hits you. x2
You slash Zebulonius's ghost!
Zebulonius's ghost is severely damaged.
Zebulonius's ghost hits you!
* * * LOW HITPOINT WARNING * * *
You hit Zebulonius's ghost.
Zebulonius's ghost is severely damaged.
Zebulonius's ghost hits you!
You die...

#...........# #.#..###.###
#(###.#####.# #.#.........
#.##...# #.. #.#.##.#.###
#.##.#.####.# .....#(....#..
#....#...##.# .....#.....#..
#..#####.##.##.....##...##..
#....#...##.. ......#...#...
#.#..#.####W#
......##.##.รท. #.#>...#
#@#####....#.#.... #.#.####
#.##..###.#####.##
#.#.#######.##....###...###.
#...........#.......'._.#...
###.#########.....###...###.
#....# #....###.#####.##
#####.#####.####....#.#....
#..................##.##...
#.###.#####.#......#...#...


You could see Zebulonius's ghost.

Vanquished Creatures
  An orc wizard (D:3)
  5 adders
  A worm (D:2)
  A giant gecko (D:1)
  9 orcs (D:3)
  A ball python (D:2)
  4 giant cockroaches
  7 goblins
  6 hobgoblins
  9 jackals
  3 quokkas
  8 bats
  3 giant newts (D:2)
  7 kobolds
  8 rats
73 creatures vanquished.

Notes
Turn   | Place    | Note
--------------------------------------------------------------
     0 | Abyss:1  | matakusis the Demonspawn Abyssal Knight began the quest for the Orb.
     0 | Abyss:1  | Reached XP level 1. HP: 18/18 MP: 2/2
     2 | Abyss:1  | Found a corrupted altar of Lugonu.
    39 | D:1      | Escaped the Abyss
   215 | D:1      | Reached skill level 1 in Dodging
   215 | D:1      | Gained mutation: You are partially covered in icy blue scales (AC +1). [demonic ancestry]
   215 | D:1      | Reached XP level 2. HP: 16/24 MP: 3/3
   530 | D:1      | Acquired Lugonu's second power
  1116 | D:2      | Reached XP level 3. HP: 19/30 MP: 4/4
  1346 | D:2      | Reached skill level 4 in Fighting
  1346 | D:2      | Gained mutation: You are mostly covered in icy blue scales (AC +3, EV -1). [demonic ancestry]
  1346 | D:2      | Reached XP level 4. HP: 24/37 MP: 5/5
  1867 | D:3      | Acquired Lugonu's third power
  1889 | D:3      | Found a shattered altar of Ashenzari.
  2033 | D:3      | Noticed Zebulonius's ghost (average MiBe)
  2052 | D:3      | Reached XP level 5. HP: 30/42 MP: 6/6
  2622 | D:3      | Slain by Zebulonius's ghost

Vault maps used:
D:1:      matt_arrival_los_fun, serial_glass, glass_columns_a, glass_columns_b,
          glass_columns_a, due_unseen_surprise, minmay_strange_pillars,
          minmay_strange_pillars
D:3:      nrook_loot_triangle, nicolae_ashenzari_panopticon
Abyss:1:  lemuel_firewalk_3

Action                   |  1- 3 |  4- 6 || total
-------------------------+-------+-------++-------
Melee: Hand axe          |   154 |   153 ||   307
  Use: Scroll            |     4 |     8 ||    12
       Potion            |     4 |     1 ||     5
  Eat: Chunk             |     2 |     2 ||     4
       Pizza             |       |     1 ||     1
